 Dungeon Crawl Stone Soup version 0.18-a0-1350-g404b4cb (webtiles) character file.

66964 Duffy the Executioner (level 15, -1/136 HPs)
             Began as a Hill Orc Berserker on Feb 18, 2016.
             Was the Champion of Trog.
             Slain by a 14-headed hydra (12 damage)
             ... on level 8 of the Lair of Beasts.
             The game lasted 00:33:55 (28385 turns).

Duffy the Executioner (Hill Orc Berserker)         Turns: 28385, Time: 00:33:56

Health: -1/136     AC: 15    Str: 25    XL:     15   Next: 21%
Magic:  5/5        EV: 14    Int:  8    God:    Trog [******]
Gold:   1305       SH:  0    Dex: 14    Spells: 0 memorised, 14 levels left

rFire  + . .     SeeInvis .     a - +1 executioner's axe (antimagic)
rCold  . . .     Gourm    .     T - +0 chain mail "Eneb" {rPois MR+ Str+3}
rNeg   . . .     Faith    .     (shield currently unavailable)
rPois  +         Spirit   .     r - +0 helmet
rElec  .         Dismiss  .     v - +0 cloak {rF+}
rCorr  +         Reflect  .     l - +0 pair of gloves
SustAt .         Harm     .     z - +0 pair of boots
MR     ++...                    (no amulet)
Stlth  ..........               R - +4 ring of evasion
                                B - ring of resist corrosion

@: very resistant to hostile enchantments, extremely unstealthy
A: fangs 1
a: Berserk, Trog's Hand, Brothers in Arms, Burn Spellbooks, Renounce Religion


You were on level 8 of the Lair of Beasts.
You worshipped Trog.
Trog was exalted by your worship.
You were not hungry.

You visited 3 branches of the dungeon, and saw 20 of its levels.
You also visited: Volcano.

You collected 1588 gold pieces.
You spent 283 gold pieces at shops.


Innate Abilities, Weirdness & Mutations

You have very sharp teeth.


   Skills:
 - Level 13.4 Fighting
 - Level 26.0 Axes
 + Level 5.5 Armour
 + Level 4.2 Dodging


You had 14 spell levels left.
You didn't know any spells.

Inventory:

Hand Weapons
 a - a +1 antimagic executioner's axe (weapon)
 b - a +0 blowgun
Missiles
 f - 3 javelins (quivered)
 n - 72 poisoned needles
 u - 3 throwing nets
Armour
 l - a +0 pair of gloves (worn)
 r - a +0 helmet (worn)
 v - a +0 cloak of fire resistance (worn)
 z - a +0 pair of boots (worn)
 T - the +0 chain mail "Eneb" (worn) {rPois MR+ Str+3}

   It affects your strength (+3).
   It protects you from poison.
   It affects your resistance to hostile enchantments.
 Y - a quicksilver dragon armour
Jewellery
 m - an uncursed ring of fire
 B - a ring of resist corrosion (left hand)
 F - an uncursed ring of protection from cold
 J - an uncursed ring of positive energy
 R - a +4 ring of evasion (right hand)
 U - the ring of Zaemigyxt {Ice rN+ MR++ Int+3}

   [ring of ice]

   It enhances your ice magic, and weakens your fire magic.
   It affects your intelligence (+3).
   It makes you vulnerable to fire.
   It protects you from cold.
   It protects you from negative energy.
   It affects your resistance to hostile enchantments.
Wands
 q - a wand of hasting (4/9)
 x - a wand of digging (8/24)
 y - a wand of digging (11/24)
 E - a wand of confusion (24/48)
 H - a wand of lightning (4/15)
 L - a wand of disintegration (3/24)
Scrolls
 e - a scroll of fear {unknown}
 w - 6 scrolls of teleportation
 A - a scroll of vulnerability {unknown}
 C - 2 scrolls of blinking
 D - a scroll of summoning {unknown}
 G - 12 scrolls of remove curse
 I - 7 scrolls of magic mapping
 K - a scroll of immolation {unknown}
 N - 2 scrolls of enchant armour {unknown}
 O - 4 scrolls of enchant weapon
 Q - 2 scrolls of amnesia {unknown}
 S - 2 scrolls of noise {unknown}
 V - 2 scrolls of fog {unknown}
 X - 5 scrolls of recharging
Potions
 g - 15 potions of curing
 i - a potion of brilliance
 j - 2 potions of invisibility
 k - a potion of flight
 p - 6 potions of heal wounds
 s - 2 potions of cancellation
 t - 2 potions of resistance
 P - a potion of might
 W - a potion of agility
Comestibles
 c - 14 bread rations
 d - 33 fruits
 h - a chunk of flesh
 o - 18 beef jerkies
 M - 4 royal jellies
 Z - 8 meat rations

Dungeon Overview and Level Annotations

Branches:
Dungeon (11/15)            Temple (1/1) D:6            Lair (8/8) D:11
  Swamp (0/4) Lair:3        Snake (0/4) Lair:3        Slime (0/6) Lair:6
    Orc (0/2) D:10

Altars:
Ashenzari
Cheibriados
Dithmenos
Elyvilon
Fedhas
Gozag
Kikubaaqudgha
Makhleb
Nemelex Xobeh
Okawaru
Pakellas
Qazlal
Ru
Sif Muna
Trog
Vehumet
Xom
Yredelemnul
Zin
The Shining One
Beogh
Jiyva

Shops:
D:7 !   D:9 !


Message History

The 12-headed hydra is almost dead.
The 12-headed hydra completely misses you.
The 12-headed hydra barely misses you. The 12-headed hydra misses you.
The 12-headed hydra closely misses you.
The 12-headed hydra bites you but does no damage.
The 12-headed hydra bites you.
The 12-headed hydra bites you but does no damage.
The 12-headed hydra bites you.
The 12-headed hydra closely misses you. x2
The 12-headed hydra bites you but does no damage.
The 12-headed hydra misses you.
You lop one of the 12-headed hydra's heads off!
The 11-headed hydra grows two more!
You hit the 13-headed hydra.
The 13-headed hydra is almost dead.
The 13-headed hydra bites you but does no damage.
The 13-headed hydra closely misses you.
The 13-headed hydra bites you but does no damage.
The 13-headed hydra misses you. The 13-headed hydra closely misses you.
The 13-headed hydra bites you but does no damage. x3
The 13-headed hydra closely misses you. The 13-headed hydra bites you.
The 13-headed hydra bites you but does no damage.
The 13-headed hydra bites you. x2
You lop one of the 13-headed hydra's heads off!
The 12-headed hydra grows two more!
You slash the 14-headed hydra!
The 14-headed hydra is almost dead.
The 14-headed hydra barely misses you.
The 14-headed hydra bites you but does no damage. x3
The 14-headed hydra completely misses you.
The 14-headed hydra closely misses you.
The 14-headed hydra bites you but does no damage.
The 14-headed hydra bites you! The 14-headed hydra bites you.
The 14-headed hydra bites you but does no damage.
The 14-headed hydra bites you.
The 14-headed hydra bites you but does no damage.
The 14-headed hydra bites you!
You die...

................P...PP.###
.......P......##....PP##
..............P.......##
.....###.......P......P###
....P. ......#...........#
...... ....P............##
..... ................#
.... .................#
... .......@..!....### ...
......D.......P# ..
.#..............# .
...............##
............#..#
...P......P.####
............#
...P.P..PP...


You could see a 14-headed hydra.

Action                   |  1- 3 |  4- 6 |  7- 9 | 10-12 | 13-15 || total
-------------------------+-------+-------+-------+-------+-------++-------
Melee: Hand axe          |   102 |   208 |   329 |       |       ||   639
       War axe           |       |       |    89 |   374 |       ||   463
       Battleaxe         |       |       |       |   489 |    44 ||   533
       Executioner's axe |       |       |       |       |   698 ||   698
 Fire: Blowgun           |       |     4 |     3 |       |     9 ||    16
Invok: Berserk           |       |     4 |     9 |    19 |    17 ||    49
       Burn Spellbooks   |       |       |     1 |     2 |     2 ||     5
  Use: Scroll            |       |       |       |    13 |     8 ||    21
       Potion            |       |       |       |     1 |       ||     1
  Eat: Chunk             |     1 |    12 |    22 |    48 |    40 ||   123
       Beef jerky        |       |       |     2 |     2 |       ||     4
       Meat ration       |       |       |     4 |       |       ||     4
       Fruit             |       |       |     1 |     4 |       ||     5
       Pizza             |       |       |       |       |     4 ||     4

Notes
Turn   | Place    | Note
--------------------------------------------------------------
     0 | D:1      | Duffy the Hill Orc Berserker began the quest for the Orb.
     0 | D:1      | Reached XP level 1. HP: 19/19 MP: 1/1
   219 | D:1      | Reached XP level 2. HP: 26/26 MP: 2/2
   493 | D:1      | Reached skill level 5 in Axes
   856 | D:2      | Reached XP level 3. HP: 29/31 MP: 3/3
  1024 | D:2      | Reached skill level 6 in Axes
  1050 | D:2      | Reached ** piety under Trog
  1055 | D:2      | Found a stormy altar of Qazlal.
  1200 | D:2      | Reached XP level 4. HP: 39/39 MP: 4/4
  1652 | D:3      | You fall through a shaft!
  1657 | D:4      | Noticed M4edhros's ghost (amateur OpMo)
  1671 | D:4      | Killed M4edhros's ghost
  1671 | D:4      | Reached skill level 7 in Axes
  1671 | D:4      | Reached XP level 5. HP: 45/45 MP: 5/5
  1733 | D:4      | Reached skill level 8 in Axes
  2506 | D:3      | Reached *** piety under Trog
  2574 | D:3      | Found a faded altar to an unknown god.
  2588 | D:3      | Reached XP level 6. HP: 48/51 MP: 6/6
  2851 | D:3      | Found an oddly glowing altar of Pakellas.
  2851 | D:3      | Noticed a fire dragon
  3054 | D:4      | Reached skill level 9 in Axes
  3412 | D:4      | Found a glowing golden altar of the Shining One.
  4010 | D:4      | Reached skill level 10 in Axes
  4010 | D:4      | Reached XP level 7. HP: 57/57 MP: 7/7
  4089 | D:5      | Entered Level 5 of the Dungeon
  4231 | D:5      | Noticed Edmund
  4249 | D:5      | Killed Edmund
  4249 | D:5      | Reached skill level 11 in Axes
  4316 | D:5      | Found a white marble altar of Elyvilon.
  4540 | D:5      | Found a burning altar of Makhleb.
  4542 | D:5      | Found a sacrificial altar of Ru.
  4571 | D:5      | Reached XP level 8. HP: 64/64 MP: 8/8
  4822 | D:5      | Noticed Sigmund
  4839 | D:5      | Killed Sigmund
  4839 | D:5      | Reached skill level 12 in Axes
  4900 | D:5      | Noticed Pikel
  4928 | D:5      | Killed Pikel
  4928 | D:5      | Reached skill level 13 in Axes
  5005 | D:5      | Reached **** piety under Trog
  5014 | D:5      | Reached skill level 14 in Axes
  5215 | D:5      | Reached XP level 9. HP: 62/70 MP: 9/9
  5679 | D:5      | Noticed Crazy Yiuf
  5685 | D:5      | Killed Crazy Yiuf
  6038 | D:6      | Reached skill level 15 in Axes
  6119 | D:6      | Found a staircase to the Ecumenical Temple.
  6130 | Temple   | Entered the Ecumenical Temple
  6830 | D:6      | Noticed Prince Ribbit
  6844 | D:6      | Killed Prince Ribbit
  7168 | D:6      | Found a shattered altar of Ashenzari.
  7272 | D:6      | Reached skill level 16 in Axes
  8035 | D:7      | Found Rizxuj's Distillery.
  8043 | D:7      | Bought a potion of might for 52 gold pieces
  8043 | D:7      | Bought a potion of curing for 39 gold pieces
  8043 | D:7      | Bought a potion of heal wounds for 65 gold pieces
  8043 | D:7      | Bought a potion of mutation for 32 gold pieces
  8043 | D:7      | Bought a potion of lignification for 39 gold pieces
  8250 | D:7      | Got an encrusted chain mail
  8261 | D:7      | Identified the +0 chain mail "Eneb" {rPois MR+ Str+3} (You found it on level 7 of the Dungeon)
  8293 | D:7      | Found an opulent altar of Gozag.
  8298 | D:7      | Reached ***** piety under Trog
  8578 | D:8      | Reached XP level 10. HP: 77/77 MP: 10/10
  8626 | D:8      | Got a twitching silver ring
  8639 | D:8      | Reached skill level 17 in Axes
  9581 | D:9      | Reached skill level 18 in Axes
  9667 | D:9      | Found a radiant altar of Vehumet.
  9979 | D:9      | Received a gift from Trog
 10315 | D:9      | Found Riucs's Distillery.
 10318 | D:9      | Bought a potion of agility for 56 gold pieces
 10492 | D:9      | Found a blossoming altar of Fedhas.
 10598 | D:9      | Reached skill level 19 in Axes
 11005 | D:9      | Reached XP level 11. HP: 82/82 MP: 11/11
 11252 | D:10     | Entered Level 10 of the Dungeon
 11348 | D:10     | Noticed a hill giant
 11930 | D:9      | Reached skill level 20 in Axes
 12260 | D:9      | Received a gift from Trog
 12278 | D:10     | Found a roughly hewn altar of Beogh.
 12278 | D:10     | Found a staircase to the Orcish Mines.
 12461 | D:10     | Received a gift from Trog
 12600 | D:10     | Noticed a hill giant
 12608 | D:10     | Killed a hill giant
 13842 | D:11     | Reached skill level 21 in Axes
 14120 | D:11     | Found a staircase to the Lair.
 14266 | D:11     | Killed an unseen horror
 14700 | D:11     | Reached ****** piety under Trog
 14867 | D:11     | Noticed a manticore
 14874 | D:11     | Killed a manticore
 15207 | D:11     | Killed a hill giant
 15207 | D:11     | Reached XP level 12. HP: 90/90 MP: 4/12
 15267 | D:11     | Identified the ring of Zaemigyxt {Ice rN+ MR++ Int+3} (You found it on level 8 of the Dungeon)
 15274 | D:11     | Gained mutation: You have very sharp teeth. [potion of beneficial mutation]
 15366 | D:11     | Reached skill level 22 in Axes
 15518 | Lair:1   | Entered Level 1 of the Lair of Beasts
 15530 | Lair:1   | Received a gift from Trog
 15730 | Lair:1   | Noticed a four-headed hydra
 15739 | Lair:1   | Killed a one-headed hydra
 16355 | Lair:2   | Received a gift from Trog
 16369 | Lair:2   | Found a bloodstained altar of Trog.
 16701 | Lair:2   | Reached skill level 23 in Axes
 17790 | Lair:3   | Found a staircase to the Swamp.
 17823 | Lair:3   | Noticed Harold
 17834 | Lair:3   | Killed Harold
 17957 | Lair:3   | Found a staircase to the Snake Pit.
 18389 | Lair:3   | Noticed a five-headed hydra
 18400 | Lair:3   | Killed a 12-headed hydra
 18944 | Lair:4   | Reached skill level 24 in Axes
 18947 | Lair:4   | Found a dark tunnel.
 18967 | Volcano  | Entered a volcano
 19102 | Volcano  | Reached XP level 13. HP: 95/95 MP: 4/13
 19502 | Lair:4   | Received a gift from Trog
 20245 | Lair:4   | Reached skill level 25 in Axes
 22331 | Lair:5   | Reached skill level 26 in Axes
 22671 | Lair:5   | Reached skill level 4 in Fighting
 22681 | Lair:5   | Received a gift from Trog
 22760 | Lair:5   | Noticed Josephine
 22770 | Lair:5   | Killed Josephine
 22770 | Lair:5   | Reached skill level 5 in Fighting
 22922 | Lair:5   | Reached skill level 6 in Fighting
 22923 | Lair:5   | Reached XP level 14. HP: 92/110 MP: 4/14
 23472 | Lair:5   | Reached skill level 7 in Fighting
 24000 | Lair:6   | Reached skill level 8 in Fighting
 24268 | Lair:6   | Found a viscous altar of Jiyva.
 24269 | Lair:6   | Found a staircase to the Slime Pits.
 24340 | Lair:6   | Reached skill level 9 in Fighting
 24990 | Lair:7   | Reached skill level 10 in Fighting
 25203 | Lair:7   | Reached skill level 11 in Fighting
 25362 | Lair:7   | Received a gift from Trog
 25956 | Lair:7   | Reached skill level 12 in Fighting
 26633 | Lair:7   | Reached skill level 13 in Fighting
 27124 | Lair:8   | Entered Level 8 of the Lair of Beasts
 27170 | Lair:8   | Reached skill level 2 in Dodging
 27295 | Lair:8   | Reached skill level 3 in Armour
 27548 | Lair:8   | Reached XP level 15. HP: 133/136 MP: 5/15
 27661 | Lair:8   | Reached skill level 3 in Dodging
 27663 | Lair:8   | Received a gift from Trog
 27667 | Lair:8   | Reached skill level 4 in Armour
 27928 | Lair:8   | Received a gift from Trog
 27963 | Lair:8   | Reached skill level 5 in Armour
 27981 | Lair:8   | Reached skill level 4 in Dodging
 28385 | Lair:8   | Slain by a 14-headed hydra

Vault maps used:
D:1:      nicolae_arrival_somewhat_less_tricky_arrival
D:2:      nicolae_overflow_crystal_walls
D:3:      gammafunk_pakellas_cloud_experiment, ecumenical_altar_1, first_bread,
          item_on_display_a
D:4:      kennysheep_mini_moat
D:5:      nicolae_overflow_hidden_temple, hangedman_decor_diamond_cutter,
          guppyfry_early_lair_pool, uniq_pikel, uniq_edmund, uniq_sigmund,
          uniq_crazy_yiuf_cottage
D:6:      kennysheep_little_box, minmay_temple_entry_hall, uniq_prince_ribbit1
D:7:      nicolae_gozag_cash_rules_everything_around_me, serial_shops, shop
D:8:      lemuel_flamethrower_2
D:9:      basic_altar, serial_shops, kennysheep_mini, hangedman_tree_tricks
D:10:     old_forge, david_orc_5
D:11:     lair_0_dummy
Temple:   minmay_temple_forest_path_12
Lair:2:   basic_altar, eino_small_chamber_without_monster, serial_bayou_shore_b
Lair:3:   swamp_mist, minmay_snake_entry_guardpost_small,
          infiniplex_staircase_pool, uniq_harold
Lair:4:   nicolae_volcano_entry_two_sided, lemuel_fruit_tree
Lair:5:   beast_lair_carwin_10, uniq_josephine
Lair:6:   dpeg_slime_entry_enclosed_altar, minmay_hedge_maze
Lair:7:   columned_hall_lemuel, beast_lair_carwin_2, serial_bayou_shore_b,
          grunt_megastairs_2
Lair:8:   hangedman_lair_caniforms_friends, wormcave, serial_bayou_shore_b,
          grunt_megastairs_3
Volcano:  volcano_village

Vanquished Creatures
  Josephine Harold
  11 hydras
  9 death yaks
  An unseen horror Pikel
  3 hill giants
  A manticore
  A deep elf mage
  A griffon
  8 black mambas
  10 elephants
  10 spiny frogs
  6 komodo dragons
  5 fire drakes
  A troll Prince Ribbit
  13 polar bears
  2 two-headed ogres
  2 raiju
  24 blink frogs
  2 boulder beetles Sigmund
  4 wraiths
  50 yaks
  A vampire
  A hog
  A fire bat
  4 basilisks
  A hungry ghost
  A wyvern Edmund
  27 wolves
  10 hippogriffs
  7 wargs
  8 water moccasins
  4 hell hounds
  4 nagas
  20 porcupines
  3 sky beasts
  15 black bears
  11 orc warriors
  7 ice beasts
  A wasp
  A phantom
  7 centaurs
  6 ogres
  The ghost of M4edhros the Insei, an amateur OpMo
  11 crocodiles
  A big kobold
  19 giant frogs
  A wyvern skeleton
  6 scorpions
  3 killer bees
  An electric eel
  A giant frog zombie
  4 crimson imps
  10 orc priests
  A quasit
  5 jellies
  A giant frog skeleton Crazy Yiuf
  18 hounds
  10 orc wizards
  8 iguanas
  9 worker ants
  36 sheep
  2 hound zombies
  A hound skeleton
  2 worker ant zombies
  7 gnolls
  19 adders
  32 river rats
  2 shadow imps
  An ooze
  An adder skeleton
  An adder zombie
  4 worms
  8 giant geckos
  87 orcs
  2 ball pythons
  12 bats
  7 giant cockroaches
  9 goblins
  4 hobgoblins
  14 jackals
  7 quokkas
  2 giant gecko skeletons
  A giant gecko zombie
  6 giant newts
  14 kobolds
  A quokka zombie
  6 rats
  2 bushes
  20 fungi
  48 plants
779 creatures vanquished.
